 Dungeon Crawl Stone Soup version 0.18-a0-1197-g8004e50 (webtiles) character file.

7137 Duffy the Grappler (level 10, -5/70 HPs)
             Began as a Mummy Monk on Jan 30, 2016.
             Was a High Priest of Cheibriados.
             Hit by a tomahawk thrown by an orc warrior (10 damage)
             ... on level 10 of the Dungeon.
             The game lasted 00:14:39 (13438 turns).

Duffy the Grappler (Mummy Monk)                    Turns: 13438, Time: 00:14:39

Health: -5/70      AC: 14    Str: 34    XL:     10   Next: 85%
Magic:  0/14       EV: 10    Int: 22    God:    Cheibriados [*****.]
Gold:   356        SH:  0    Dex: 27    Spells: 0 memorised, 9 levels left

rFire  x . .     SeeInvis .       - Unarmed
rCold  + . .     Gourm    .     a - +0 plate armour
rNeg   + + +     Faith    .     (no shield)
rPois  ∞         Spirit   +     h - +0 helmet
rElec  .         Dismiss  .     l - +0 cloak (curse)
rCorr  .         Reflect  .     (no gloves)
SustAt .         Harm     .     (no boots)
MR     +....                    m - amulet of guardian spirit
Stlth  ..........               (no ring)
                                r - +2 ring of strength

@: very slow, somewhat resistant to hostile enchantments, extremely unstealthy
A: no food or potions, fire vulnerability, cold resistance 1, negative energy
resistance 3, torment resistance, unbreathing
a: Bend Time, Temporal Distortion, Slouch, Step From Time, Renounce Religion


You were on level 10 of the Dungeon.
You worshipped Cheibriados.
Cheibriados was extremely pleased with you.
You were not hungry.

You visited 2 branches of the dungeon, and saw 11 of its levels.

You collected 581 gold pieces.
You spent 225 gold pieces at shops.


Innate Abilities, Weirdness & Mutations

You do not eat or drink.
Your flesh is vulnerable to fire.
You are immune to poison.
Your flesh is cold resistant.
You are immune to negative energy.
You are immune to unholy pain and torment.
You can survive without breathing.


   Skills:
 - Level 3.6 Fighting
 + Level 5.4 Armour
 - Level 2.4 Dodging
 - Level 1.5 Stealth
 - Level 12.0 Unarmed Combat
 + Level 5.3 Invocations


You had 9 spell levels left.
You didn't know any spells.

Inventory:

Hand Weapons
 t - a +0 blowgun
Missiles
 e - a throwing net (quivered)
 s - 48 poisoned needles
Armour
 a - a +0 plate armour (worn)
 h - a +0 helmet (worn)
 k - a +1 hat
 l - a cursed +0 cloak (worn)
 A - a steam dragon hide
Rods
 d - a +1 rod of shadows (13/13)
Jewellery
 m - an amulet of guardian spirit (around neck)
 o - a +3 amulet of reflection
 r - a +2 ring of strength (left hand)
Wands
 u - a wand of digging (1/24)
 v - a wand of fireball (5/15)
 y - a wand of enslavement (6/24)
 z - a wand of flame (19/48)
Scrolls
 c - a scroll of recharging
 f - 3 scrolls of remove curse
 g - 2 scrolls of amnesia {unknown}
 i - 2 scrolls of fear {unknown}
 j - 4 scrolls of magic mapping
 n - 3 scrolls of enchant weapon
 p - 2 scrolls of blinking
 q - a scroll of enchant armour
 w - a scroll of holy word {unknown}

Dungeon Overview and Level Annotations

Branches:
Dungeon (10/15)            Temple (1/1) D:4
   Lair: D:8-11         Orc: D:9-12

Altars:
Ashenzari
Cheibriados
Dithmenos
Elyvilon
Fedhas
Gozag
Kikubaaqudgha
Makhleb
Nemelex Xobeh
Okawaru
Pakellas
Qazlal
Ru
Sif Muna
Trog
Vehumet
Xom
Yredelemnul
Zin
The Shining One

Shops:
D:4 ?   D:5 [

Annotations:
D:9 Erolcha, Joseph


Message History

You kill the killer bee!
Cheibriados thoroughly appreciates the change of pace.
You kill the orc!
Cheibriados appreciates the change of pace.
You kill the orc wizard!
Cheibriados thoroughly appreciates the change of pace.
You kill the orc!
Cheibriados thoroughly appreciates the change of pace.
You kill the orc!
Cheibriados appreciates the change of pace.
You kill the orc!
Cheibriados thoroughly appreciates the change of pace.
You kill the orc priest!
Cheibriados thoroughly appreciates the change of pace.
You kill the killer bee!
Cheibriados thoroughly appreciates the change of pace.
Cheibriados lowers the support of your attributes as your movement quickens.
The orc warrior throws a tomahawk.
The tomahawk misses you.
The orc warrior throws a tomahawk.
The tomahawk completely misses you.
The orc warrior throws a tomahawk.
The tomahawk closely misses you.
An orc comes into view. It is wielding a short sword.
Evoke which item? (* to show all) (? for menu, Esc to quit)
Okay, then.
The orc shouts!
The orc warrior throws a tomahawk.
The tomahawk hits you.
The orc warrior throws a tomahawk.
The tomahawk hits you!
The orc warrior hits you but does no damage.
The orc warrior throws a tomahawk.
The tomahawk hits you.
An orc comes into view. It is wielding a club.
Things that are here:
3 tomahawks; a falchion; a chain mail The orc warrior hits you but does no damage.
The orc warrior throws a tomahawk.
The tomahawk hits you!
The orc warrior throws a tomahawk.
The tomahawk hits you!
You die...

.. .o#####
o...).. .o#....
###
......o####.....
.%)...%.@.......
.......(###)####
.....o%<#
...[..%##
.).[... ......)
....... .......
...$...


You could see 3 orc warriors and an orc (wandering).

Action                   |  1- 3 |  4- 6 |  7- 9 | 10-12 || total
-------------------------+-------+-------+-------+-------++-------
Melee: Unarmed           |   175 |   259 |   317 |   239 ||   990
 Fire: Blowgun           |       |    11 |    10 |       ||    21
Invok: Slouch            |       |       |       |     3 ||     3
Evoke: Wand              |       |       |     5 |       ||     5
  Use: Scroll            |     1 |       |     8 |     3 ||    12
 Stab: Sleeping          |     6 |     1 |       |       ||     7

Notes
Turn   | Place    | Note
--------------------------------------------------------------
     0 | D:1      | Duffy the Mummy Monk began the quest for the Orb.
     0 | D:1      | Reached XP level 1. HP: 18/18 MP: 1/1
    78 | D:2      | Reached XP level 2. HP: 16/24 MP: 2/2
   378 | D:1      | Reached skill level 4 in Unarmed Combat
   617 | D:1      | Reached XP level 3. HP: 29/29 MP: 3/3
  2494 | D:2      | Reached XP level 4. HP: 28/35 MP: 4/4
  2811 | D:2      | Noticed Robin
  3007 | D:1      | Killed Robin
  3160 | D:2      | Noticed Ijyb
  3176 | D:2      | Killed Ijyb
  3176 | D:2      | Reached skill level 5 in Unarmed Combat
  3564 | D:2      | Reached XP level 5. HP: 39/41 MP: 5/5
  4228 | D:3      | Found an ancient bone altar of Kikubaaqudgha.
  4239 | D:3      | Noticed an ogre
  4682 | D:3      | Found an oddly glowing altar of Pakellas.
  4740 | D:2      | Killed an ogre
  4740 | D:2      | Reached skill level 6 in Unarmed Combat
  4740 | D:2      | Reached XP level 6. HP: 28/47 MP: 4/6
  5278 | D:4      | Found a staircase to the Ecumenical Temple.
  5297 | Temple   | Entered the Ecumenical Temple
  5308 | Temple   | Became a worshipper of Cheibriados the Contemplative
  5308 | Temple   | Reached * piety under Cheibriados
  5308 | Temple   | Reached ** piety under Cheibriados
  5717 | D:4      | Reached skill level 7 in Unarmed Combat
  5717 | D:4      | Reached XP level 7. HP: 37/52 MP: 4/7
  5861 | D:4      | Found a white marble altar of Elyvilon.
  5878 | D:4      | Found Hekareza's Magic Scroll Boutique.
  5885 | D:4      | Bought a scroll of identify for 20 gold pieces
  5885 | D:4      | Bought a scroll of teleportation for 30 gold pieces
  5885 | D:4      | Bought a scroll of blinking for 75 gold pieces
  5885 | D:4      | Bought a scroll of identify for 20 gold pieces
  5885 | D:4      | Bought a scroll of identify for 20 gold pieces
  6392 | D:5      | Entered Level 5 of the Dungeon
  6466 | D:5      | Noticed Grinder
  6483 | D:4      | Killed Grinder
  6533 | D:5      | Reached *** piety under Cheibriados
  6533 | D:5      | Reached skill level 8 in Unarmed Combat
  6702 | D:5      | Found Mifruem's Armour Boutique.
  6878 | D:5      | Reached XP level 8. HP: 16/58 MP: 2/8
  7254 | D:6      | Reached skill level 9 in Unarmed Combat
  7634 | D:6      | Reached **** piety under Cheibriados
  8072 | D:6      | Reached skill level 10 in Unarmed Combat
  8289 | D:6      | Noticed a deep elf mage
  8298 | D:6      | Killed a deep elf mage
  8298 | D:6      | Reached XP level 9. HP: 63/63 MP: 9/9
  8659 | D:6      | Found a burning altar of Makhleb.
  9031 | D:7      | Reached skill level 11 in Unarmed Combat
  9372 | D:7      | Noticed nublet's ghost (novice CeFE)
  9381 | D:7      | Killed nublet's ghost
  9798 | D:7      | Noticed Pikel
 10042 | D:6      | Killed Pikel
 10042 | D:6      | Reached skill level 2 in Armour
 10042 | D:6      | Reached skill level 12 in Unarmed Combat
 10090 | D:6      | Reached XP level 10. HP: 32/70 MP: 4/10
 10397 | D:7      | Reached ***** piety under Cheibriados
 10727 | D:4      | Bought a scroll of teleportation for 30 gold pieces
 10727 | D:4      | Bought a scroll of teleportation for 30 gold pieces
 10784 | D:6      | Reached skill level 1 in Invocations
 11488 | D:8      | Reached skill level 2 in Invocations
 11522 | D:8      | Reached skill level 3 in Armour
 11538 | D:8      | Reached skill level 3 in Invocations
 12031 | D:8      | Noticed Grum
 12051 | D:8      | Killed Grum
 12051 | D:8      | Reached skill level 4 in Armour
 12331 | D:8      | Reached skill level 4 in Invocations
 13101 | D:9      | Noticed Erolcha
 13102 | D:9      | Noticed Joseph
 13107 | D:9      | Reached skill level 5 in Armour
 13427 | D:9      | Reached ****** piety under Cheibriados
 13427 | D:9      | Reached skill level 5 in Invocations
 13435 | D:10     | Entered Level 10 of the Dungeon
 13438 | D:10     | Hit by a tomahawk thrown by an orc warrior

Vault maps used:
D:1:      lemuel_arrival_river_ford, eino_curves_03, minmay_parallelograms,
          minmay_misc_feat_pillars
D:2:      kennysheep_generic_room_5, uniq_robin, uniq_iyjb
D:3:      wad_pebble_path, lemuel_crystal_altar, johnstein_pakellas_dig,
          first_bread, st_stairs_12
D:4:      lemuel_doored_altar, temple_pool_a, serial_shops, shop
D:5:      serial_shops, shop, uniq_grinder
D:6:      kennysheep_steamy, marbit_many_paths, guppyfry_early_elven_hall
D:7:      kennysheep_generic_room_7, uniq_duvessa, uniq_pikel
D:8:      item_on_display_a, uniq_grum
D:9:      grunt_lair_entry_orc_guard_hut, minmay_strange_pillars,
          hangedman_little_slice_of_home, uniq_joseph, uniq_erolcha
D:10:     st_stairs_9, uniq_erica, uniq_josephine
Temple:   lightli_temple_of_artemis

Vanquished Creatures
  Pikel
  A deep elf mage
  The ghost of nublet the Firebug, a novice CeFE of Vehumet Grinder
  4 yaks Grum
  2 steam dragons
  2 wolves
  A necrophage
  An ice beast
  2 slaves
  4 orc warriors
  2 phantoms
  6 ogres
  2 centaurs
  2 big kobolds
  6 giant frogs
  A wyvern skeleton
  A scorpion
  16 killer bees
  A wight
  3 crimson imps
  2 hounds
  5 jellies
  A giant frog skeleton
  14 orc priests
  11 orc wizards Ijyb
  A centaur skeleton
  2 iguanas
  8 worker ants Robin
  10 adders
  A gnoll
  A river rat
  A shadow imp
  4 oozes
  An adder skeleton
  4 worms
  7 giant geckos
  42 orcs
  2 ball pythons
  4 giant cockroaches
  18 goblins
  12 hobgoblins
  6 jackals
  15 kobolds
  4 quokkas
  16 bats
  10 giant newts
  A jackal skeleton
  A quokka zombie
  23 rats
  22 fungi
  13 plants
325 creatures vanquished.
